 Dungeon Crawl Stone Soup version 0.29-a0-298-g3c90f9a769 (webtiles) character file.

Game seed: 13353345122077201049

89 kae the Firebug (level 4, -1/25 HPs)
             Began as a Tengu Fire Elementalist on Mar 22, 2022.
             Slain by a goblin
             ... wielding a +0 dagger
             ... led by Robin
              (4 damage)
             ... on level 2 of the Dungeon.
             The game lasted 00:01:58 (2655 turns).

kae the Firebug (Tengu Fire Elementalist)           Turns: 2655, Time: 00:01:59

Health: -1/25      AC:  2    Str:  9    XL:     4   Next: 55%
Magic:  1/8        EV: 12    Int: 17    God:
Gold:   88         SH:  0    Dex: 14    Spells: 5/8 levels left

rFire   + . .      SeeInvis .   i - +0 trident
rCold   . . .      Faith    .   (no shield)
rNeg    . . .      Spirit   .   a - +0 robe
rPois   .          Reflect  .   (helmet restricted)
rElec   .          Harm     .   (no cloak)
rCorr   .          Rampage  .   (no gloves)
Will    .....                   (boots unavailable)
Stlth   ++........              (no amulet)
HPRegen 0.08/turn               n - ring of protection from fire
MPRegen 0.11/turn               (no ring)

@: hasted, very quick
A: beak, talons 3
a: no special abilities


You were on level 2 of the Dungeon.
You visited 1 branch of the dungeon, and saw 3 of its levels.

You collected 88 gold pieces.

Inventory:

Hand Weapons
 i - a +0 trident (weapon)
Armour
 a - a +0 robe (worn)
Jewellery
 e - an amulet of faith
 n - a ring of protection from fire (left hand)
Scrolls
 d - a scroll of fear {unknown}
 f - 3 scrolls of identify {unknown}
 g - a scroll of amnesia {unknown}
 h - 2 scrolls of holy word {unknown}
 j - a scroll of teleportation {unknown}
 k - a scroll of fog {unknown}
 m - a scroll of enchant armour {unknown}
Potions
 b - a potion of magic
 l - a potion of flight {unknown}
 o - a potion of ambrosia {unknown}
 p - a potion of degeneration {unknown}


   Skills:
 + Level 1.5 Fighting
 - Level 2.1 Dodging
 - Level 2.0 Stealth
 + Level 2.5 Spellcasting
 + Level 2.6 Conjurations
 * Level 4.4 Fire Magic


You had 5 spell levels left.
You knew the following spells:

 Your Spells              Type           Power      Damage    Failure   Level
a - Foxfire               Conj/Fire      56%        2x1d6     4%          1
b - Scorch                Fire           34%        2d7       4%          2

Your spell library contained the following spells:

 Spells                   Type           Power      Damage    Failure   Level
 Conjure Flame            Conj/Fire      14%        6-21      13%         3
 Static Discharge         Conj/Air       6%         N/A       16%         2
 Inner Flame              Hex/Fire       9%         N/A       22%         3
 Flame Wave               Conj/Fire      14%        2d6       38%         4
 Sticky Flame             Conj/Fire      14%        2d4       38%         4
 Dispel Undead            Necr           2%         3d7       88%         4


Dungeon Overview and Level Annotations

Branches:
Dungeon (3/15)

Altars:
Wu Jian

Annotations:
D:2 exclusion: ogre
D:3 Robin


Innate Abilities, Weirdness & Mutations

You have a beak for a mouth.
You have claws for feet.


Message History

Casting: Foxfire (safe; 4% risk of failure)
Confirm with . or Enter, or press ? or * to list all spells.
You conjure some foxfire!
Robin roars a battlecry!
The foxfire hits the goblin.
You kill the goblin!
Robin throws the goblin at you!
The goblin shouts!
You hear a shout!
The goblin attacks as you move away! The goblin hits you with a +0 dagger.
The foxfire hits Robin.
Robin is heavily wounded.
Robin throws the goblin at you!
There is a stone staircase leading up here.
The goblin closely misses you. The goblin hits you with a +0 club.
You climb upwards.
Level annotation: exclusion: ogre
There is a stone staircase leading down here.
The goblin attacks as you move away! The goblin completely misses you.
The goblin attacks as you move away! The goblin hits you with a +0 club.
Casting: Foxfire (safe; 4% risk of failure)
Confirm with . or Enter, or press ? or * to list all spells.
Flames lash the goblin.
You kill the goblin!
The goblin hits you with a +0 dagger.
* * * LOW HITPOINT WARNING * * *
Casting: Scorch (safe; 4% risk of failure)
Confirm with . or Enter, or press ? or * to list all spells.
You don't have enough magic to cast this spell.
Casting: Scorch (safe; 4% risk of failure)
Confirm with . or Enter, or press ? or * to list all spells.
You don't have enough magic to cast this spell.
Casting: Scorch (safe; 4% risk of failure)
Confirm with . or Enter, or press ? or * to list all spells.
You conjure some foxfire!
The goblin hits you with a +0 dagger.
* * * LOW HITPOINT WARNING * * *
The goblin hits you but does no damage.
Unknown command.
It was a potion of haste.
You feel yourself speed up. The goblin hits you with a +0 dagger.
You die...

#####..<...........#.####.#
....†..............#.# #.#
#####............[.#.####.#
# #..........#........#.# #
#.......<....###.##.#.# #
####.####.#.####.##.#.### #
#.# #.#.............# # #.#
#.###v#..##..<#.# ## #.#
#.##@###.##.###.# .#####
#.# #.#g## ##....##.#
.....# #.#
#.#..###.##..##.# .....#
#.####.#.#.#.###..##.#
.._..#
#.......>...####..##.#
.....#
######.>[.........>..####
.....#
##.##.##.......###...#
...###
##...#.#..............#
#.##
#....[......###.###...#


You could see a goblin (strong, ally target).

Vanquished Creatures
  3 adders (D:2)
  A dart slug (D:1)
  A bat (D:1)
  2 endoplasms
  3 giant cockroaches (D:2)
  9 hobgoblins
  4 jackals (D:1)
  4 kobolds (D:1)
  5 quokkas
  5 ball pythons
  2 frilled lizards
  9 goblins
  4 rats
52 creatures vanquished.

Vanquished Creatures (collateral kills)
  3 foxfires (D:1)
3 creatures vanquished.

Vanquished Creatures (others)
  143 foxfires
143 creatures vanquished.

Grand Total: 198 creatures vanquished

Notes
Turn   | Place    | Note
-------+----------+-------------------------------------------
     0 | D:1      | kae the Tengu Fire Elementalist began the quest for the
                  | Orb.
     0 | D:1      | Reached XP level 1. HP: 10/10 MP: 4/4
   295 | D:1      | Reached XP level 2. HP: 12/16 MP: 1/6
   887 | D:1      | Reached XP level 3. HP: 15/20 MP: 4/7
  1038 | D:1      | Found a faded altar of an unknown god.
  1166 | D:1      | Reached skill level 1 in Fighting
  1412 | D:2      | Reached skill level 4 in Fire Magic
  1506 | D:2      | Learned a level 2 spell: Scorch
  1904 | D:2      | Reached XP level 4. HP: 25/25 MP: 4/8
  2154 | D:2      | Found an ornate altar of the Wu Jian Council.
  2330 | D:2      | Noticed an ogre
  2638 | D:3      | Noticed Robin
  2655 | D:2      | Slain by a goblin

Illustrated notes

Levels and vault maps discovered:
D:1:      lightli_arrival_quake, layout_basic,
          shapermc_ecumenical_altar_acropolis
D:2:      layout_loops_ring, basic_altar
D:3:      layout_rooms, uniq_robin

Skill      XL: |  1  2  3 |
---------------+----------+-----
Conjurations   | 2 |  2.6
Fighting       | 1 |  1.5
Fire Magic     | 4 |  4.4
Dodging        | |  2.1
Stealth        | |  2.0
Spellcasting   | |  2.5

Action                   |  1- 3 |  4- 6 || total
-------------------------+-------+-------++-------
Melee: Trident           |       |     9 ||     9
       Kick              |       |     3 ||     3
 Cast: Foxfire           |    71 |    17 ||    88
       Scorch            |     3 |     3 ||     6
  Use: Potion            |       |     1 ||     1
Armor: Robe              |     1 |     1 ||     2
Dodge: Dodged            |     7 |     9 ||    16

Table legend: (Time is in decaauts)
 A = Elapsed time spent in this place.
 B = Non-inter-level travel time spent in this place.
 C = Inter-level travel time spent in this place.
 D = Time resting spent in this place.
 E = Time spent auto-exploring this place.
 F = Levels seen in this place.
 G = Mean time per level.
                   A        B        C        D        E       F      G
               +--------+--------+--------+--------+--------+-----+--------+
         Total |   2656 |   2568 |     88 |      0 |   2239 |   3 |  885.3 |
       Dungeon |   2656 |   2568 |     88 |      0 |   2239 |   3 |  885.3 |
               +--------+--------+--------+--------+--------+-----+--------+

Top non-repeatable levels by time:
     D:1: 1364 daAuts
     D:2: 1256 daAuts
     D:3: 35 daAuts
